 Dungeon Crawl Stone Soup version 0.27.0-1-g7a089689b8 (webtiles) character file.

Game seed: 13688520914619777591

422 sanka the Gusty (level 6, -6/49 HPs)
             Began as a Naga Air Elementalist on Aug 6, 2021.
             Was an Initiate of Okawaru.
             Splashed by Ijyb's acid (12 damage)
             ... on level 5 of the Dungeon.
             The game lasted 00:05:52 (4693 turns).

sanka the Gusty (Naga Air Elementalist)             Turns: 4693, Time: 00:05:53

Health: -6/49      AC:  5    Str: 10    XL:     6   Next: 95%
Magic:  9/9        EV: 10    Int: 17    God:    Okawaru [......]
Gold:   169        SH:  0    Dex: 12    Spells: 2/9 levels left

rFire    . . .     SeeInvis +   j - +1 dagger (drain)
rCold    . . .     Faith    .   (no shield)
rNeg     . . .     Spirit   .   a - +0 robe
rPois    +         Reflect  .   q - +2 hat {Stlth+}
rElec    .         Harm     .   (no cloak)
rCorr    .         Rampage  .   (no gloves)
Will     .....                  (no barding)
Stlth    +++.......             (no amulet)
HPRegen  0.16/turn              (no ring)
MPRegen  0.11/turn              (no ring)

@: very slow
A: AC +2, large, see invisible, deformed body, poison resistance, slowness 2,
spit poison 1, naga tail 1
a: Spit Poison, Renounce Religion


You were on level 5 of the Dungeon.
You worshipped Okawaru.
Okawaru was noncommittal.
You visited 2 branches of the dungeon, and saw 6 of its levels.

You collected 169 gold pieces.


Innate Abilities, Weirdness & Mutations

Your serpentine skin is tough. (AC +2)
You have supernaturally acute eyesight. (SInv)
Armour fits poorly on your strangely shaped body.
Your system is resistant to poisons. (rPois)
You cover ground very slowly.
You can spit poison.
You have a snake-like lower body.


   Skills:
 - Level 1.5 Dodging
 - Level 3.0 Stealth
 - Level 2.0 Spellcasting
 - Level 1.0 Conjurations
 + Level 7.6 Air Magic


You had 2 spell levels left.
You knew the following spells:

 Your Spells              Type           Power      Damage    Failure   Level
x - Airstrike             Air            13%        N/A       9%          4
z - Shock                 Conj/Air       64%        1d7       3%          1
Z - Static Discharge      Conj/Air       16%        N/A       4%          2

Your spell library contained the following spells:

 Spells                   Type           Power      Damage    Failure   Level
 Sublimation of Blood     Necr           0%         N/A       28%         2
 Wereblood                Tmut           1%         N/A       28%         2
 Swiftness                Air            27%        N/A       2%          3
 Conjure Flame            Conj/Fire      3%         6-21      43%         3
 Ignite Poison            Fire/Tmut/Pois 1%         N/A       50%         3
 Sticky Flame             Conj/Fire      3%         2d3       83%         4
 Summon Hydra             Summ           0%         N/A       100%        7

Inventory:

Hand Weapons
 j - a +1 dagger of draining (weapon)
 l - a +0 halberd
Missiles
 p - 8 curare-tipped darts {=f}
Armour
 a - a +0 robe (worn)
 q - a +2 hat of stealth (worn)
Jewellery
 o - a ring of fire
Scrolls
 c - a scroll of fear {unknown}
 d - a scroll of holy word {unknown}
 e - a scroll of amnesia {unknown}
 g - a scroll of torment {unknown}
 h - a scroll of acquirement {unknown}
 i - 3 scrolls of identify {unknown}
 m - 2 scrolls of immolation {unknown}
 n - a scroll of teleportation {unknown}
Potions
 b - a potion of attraction {unknown}
 f - a potion of heal wounds {unknown}
 k - a potion of invisibility {unknown}
 r - a potion of magic {unknown}

Dungeon Overview and Level Annotations

Branches:
Dungeon (5/15)             Temple (1/1) D:4

Altars:
Ashenzari
Cheibriados
Dithmenos
Elyvilon
Fedhas
Gozag
Hepliaklqana
Kikubaaqudgha
Makhleb
Nemelex Xobeh
Okawaru
Qazlal
Sif Muna
Uskayaw
Vehumet
Xom
Yredelemnul
Zin
The Shining One

Annotations:
D:5 Ijyb

▒▒ .▒▒. .....
..... ▒.....
..... ▒.....
....g. ....▒▒
......▒
......
.......▒▒...▒
▒.<....▒
▒.....▒N>.▒
▒...........▒
............▒
..▒▒▒......▒▒
▒ ▒▒.▒▒.▒. ▒.
.... .. .. .▒
... .....


You could see Ijyb.


Message History

You climb downwards.
Ijyb the Twisted Goblin comes into view.
She is wielding a +0 dagger, wearing a +3 ring mail of willpower and carrying a wand of acid (10).
Found a stone staircase leading down and a stone staircase leading up.
There is a stone staircase leading up here.
Unknown command.
Ijyb shouts!
There is a stone staircase leading up here.
You climb upwards.
There is a stone staircase leading down here.
You aren't carrying any items that you can evoke without wielding.
Unknown command.
Okay, then.
You climb downwards.
Level annotation: Ijyb
There is a stone staircase leading up here.
You climb upwards.
There is a stone staircase leading down here.
Unknown command.
You climb downwards.
Level annotation: Ijyb Ijyb zaps a wand.
The bolt of acid hits you!!
You are splashed with acid!
* * * LOW HITPOINT WARNING * * *
There is a stone staircase leading up here.
Ijyb zaps a wand.
The bolt of acid hits you!
* * * LOW HITPOINT WARNING * * *
You are splashed with acid!
You die...

Action                   |  1- 3 |  4- 6 || total
-------------------------+-------+-------++-------
Melee: Unarmed           |    23 |     3 ||    26
       Dagger            |       |    21 ||    21
 Cast: Shock             |    45 |    89 ||   134
       Static Discharge  |       |     5 ||     5
 Abil: Spit Poison       |     9 |     6 ||    15
Armor: Robe              |     9 |    20 ||    29
Dodge: Dodged            |    21 |    22 ||    43

Levels and vault maps discovered:
D:1:      moated_graveyard_arrival, layout_loops_ring
D:2:      layout_basic, basic_altar
D:3:      layout_rooms, mainiacjoe_overflow_alcove_2,
          minmay_randomly_rotated_circles, uniq_natasha
D:4:      layout_basic, minmay_temple_entry_grid, serial_glass, glass_columns_a,
          glass_columns_b, grunt_decor_arrowhead, minmay_liquid_box
D:5:      layout_cave_pools, pdpol_wu_jian_five_deadly_venoms,
          chequers_serial_rivers_small_a, item_on_display_a, uniq_duvessa,
          uniq_edmund, uniq_ijyb, uniq_blork_the_orc
Temple:   dpeg_five_rooms_temple

Notes
Turn   | Place    | Note
-------+----------+-------------------------------------------
     0 | D:1      | sanka the Naga Air Elementalist began the quest for the
                  | Orb.
     0 | D:1      | Reached XP level 1. HP: 15/15 MP: 3/3
   618 | D:1      | Reached XP level 2. HP: 12/22 MP: 0/5
   765 | D:1      | Learned a level 2 spell: Static Discharge
  1139 | D:2      | Found a glowing golden altar of the Shining One.
  1648 | D:3      | Reached skill level 4 in Air Magic
  1648 | D:3      | Reached XP level 3. HP: 18/28 MP: 1/6
  1730 | D:2      | Reached XP level 4. HP: 4/36 MP: 0/7
  2002 | D:2      | Learned a level 4 spell: Airstrike
  2489 | D:3      | Reached skill level 5 in Air Magic
  2805 | D:3      | Noticed Natasha
  2811 | D:3      | Killed Natasha
  2812 | D:3      | Reached XP level 5. HP: 35/42 MP: 1/8
  3052 | D:3      | Found a glowing silver altar of Zin.
  3109 | D:3      | Noticed Natasha
  3117 | D:3      | Killed Natasha
  3359 | D:3      | Reached skill level 6 in Air Magic
  3507 | D:4      | Found a staircase to the Ecumenical Temple.
  3511 | Temple   | Entered the Ecumenical Temple
  3724 | Temple   | Became a worshipper of Warmaster Okawaru
  3884 | D:4      | Noticed a water moccasin
  3895 | D:4      | Killed a water moccasin
  3896 | D:4      | Reached skill level 7 in Air Magic
  3896 | D:4      | Reached XP level 6. HP: 38/49 MP: 0/9
  4682 | D:5      | Entered Level 5 of the Dungeon
  4682 | D:5      | Noticed Ijyb
  4693 | D:5      | Splashed by Ijyb's acid

Vanquished Creatures
  A water moccasin (D:4)
  A jelly (D:4)
  A hound (D:4)
  Natasha (twice) (D:3)
  2 orc wizards (D:3)
  6 gnolls
  2 adders
  2 worms
  2 dart slugs
  2 orcs (D:4)
  5 endoplasms
  A giant cockroach (D:4)
  8 goblins
  3 hobgoblins
  A quokka (D:4)
  4 ball pythons
  3 bats
  5 frilled lizards
  3 kobolds (D:3)
  7 rats
61 creatures vanquished.
